 Seeded DCSS version 0.30.0-18-gc0e69614cb (webtiles) character file.

Game seed: 5 (custom seed)

1253 Kazon the Conjurer (level 8, -4/61 HPs)
             Began as a Red Draconian Conjurer on May 24, 2023.
             Was a Believer of Okawaru.
             Slain by Duvessa
             ... wielding a +0 short sword
              (6 damage)
             ... on level 6 of the Dungeon.
             The game lasted 00:30:19 (3619 turns).

Kazon the Conjurer (Red Draconian Conjurer)         Turns: 3619, Time: 00:30:20

Health: -4/61      AC:  6    Str: 11    XL:     8   Next: 26%
Magic:  0/21       EV: 16    Int: 19    God:    Okawaru [**....]
Gold:   220        SH:  9    Dex: 16    Spells: 9/12 levels left

rFire   + . .        f - +0 hand axe (flame)
rCold   . . .        c - +3 warlock's mirror {omnireflect}
rNeg    . . .        (body armour unavailable)
rPois   .            (helmet restricted)
rElec   .            (no cloak)
rCorr   .            (no gloves)
SInv    .            (no boots)
Will    .....        A - amulet of guardian spirit
Stlth   ++++         o - ring of magical power
HPRegen 0.30/turn    t - +6 ring of dexterity
MPRegen 0.17/turn

%: reflection, guardian spirit
@: heroic
A: breathe fire, AC +6, unfitting armour, fire resistance 1, cold-blooded
a: Breathe Fire, Renounce Religion, Heroism


You were on level 6 of the Dungeon.
You worshipped Okawaru.
Okawaru was pleased with you.
You visited 2 branches of the dungeon, and saw 7 of its levels.

You collected 220 gold pieces.

Inventory:

Hand Weapons
 e - a +2 vampiric dagger
 f - a +0 hand axe of flaming (weapon)
 w - the +2 sling "Qeuhanocyt" {speed, rElec Str-3 Dex+2}
   (You found it on level 3 of the Dungeon)

   Str:       It affects your strength (-3).
   Dex:       It affects your dexterity (+2).
   rElec:     It insulates you from electricity.
 x - a +0 war axe
Missiles
 g - 3 boomerangs
 i - 16 stones (quivered)
 n - 5 poisoned darts
Armour
 c - the +3 warlock's mirror (worn) {omnireflect}
   (You acquired it on level 1 of the Dungeon)

   Omnireflect: It can block and reflect piercing ranged attacks and magical
   attacks against the wielder's willpower.
Jewellery
 o - a ring of magical power (left hand)
 t - a +6 ring of dexterity (right hand)
 A - an amulet of guardian spirit (around neck)
Wands
 y - a wand of paralysis (6)
Scrolls
 b - 2 scrolls of teleportation {unknown}
 j - a scroll of summoning {unknown}
 k - 2 scrolls of identify {unknown}
 l - 2 scrolls of magic mapping {unknown}
 m - a scroll of blinking {unknown}
 s - a scroll of torment {unknown}
 v - a scroll of amnesia {unknown}
 C - a scroll of poison {unknown}
Potions
 a - 2 potions of magic
 d - a potion of resistance {unknown}
 h - 2 potions of curing
 p - 4 potions of flight {unknown}
 q - 2 potions of invisibility {unknown}
 r - a potion of berserk rage {unknown}
 u - 2 potions of heal wounds {unknown}
 z - a potion of lignification {unknown}
 B - a potion of attraction {unknown}


   Skills:
 + Level 2.0(7.0) Fighting
 + Level 2.9(7.9) Short Blades
 + Level 2.4(7.4) Axes
 + Level 2.4(7.4) Throwing
 + Level 3.6(8.6) Dodging
 + Level 3.0(8.0) Stealth
 + Level 2.7(7.7) Shields
 + Level 2.6 Spellcasting
 + Level 5.0 Conjurations
 * Level 4.1 Invocations
 * Level 2.6 Evocations


You had 9 spell levels left.
You knew the following spells:

 Your Spells              Type           Power      Damage    Failure   Level
a - Magic Dart            Conj           84%        1d7       2%          1
b - Searing Ray           Conj           42%        2d6       4%          2

Your spell library contained the following spells:

 Spells                   Type           Power      Damage    Failure   Level
 Dazzling Flash           Conj/Hex       24%        N/A       22%         3
 Frozen Ramparts          Ice            4%         1d1       54%         3
 Ignite Poison            Fire/Tmut/Pois 2%         N/A       54%         3
 Fulminant Prism          Conj/Hex       6%         3d6       58%         4
 Iskenderun's Mystic Bla  Conj/Tloc      12%        2d5       58%         4
 Sticky Flame             Conj/Fire      12%        2d4       58%         4
 Ice Form                 Ice/Tmut       2%         N/A       91%         4
 Eringya's Noxious Bog    Tmut/Pois      1%         N/A       100%        6
 Ignition                 Fire           1%         3d3       100%        8
 Summon Ice Beast         Ice/Summ       Unusable   N/A       N/A         4
 Summon Forest            Summ/Tloc      Unusable   N/A       N/A         5
 Summon Hydra             Summ           Unusable   N/A       N/A         7

Dungeon Overview and Level Annotations

Branches:
Dungeon (6/15)             Temple (1/1) D:4

Altars:
Dithmenos
Fedhas
Gozag
Hepliaklqana
Okawaru
Qazlal
Trog
Uskayaw
Wu Jian
Xom
The Shining One

Annotations:
D:6 Duvessa


Innate Abilities, Weirdness & Mutations

You can breathe blasts of fire.
Your fiery red scales are hard. (AC +6)
You cannot fit into any form of body armour.
Your flesh is heat resistant. (rF+)
You are cold-blooded and may be slowed by cold attacks.


Message History

You hit Duvessa but do no damage.
Duvessa is almost dead.
Duvessa barely misses you.
You hit Duvessa but do no damage.
Duvessa is almost dead.
Duvessa hits you but does no damage.
You hit Duvessa. You burn Duvessa.
Duvessa is almost dead.
You feel like a meek peon again. Duvessa hits you but does no damage.
You block Duvessa's attack.
Casting: Searing Ray (safe; 4% risk of failure)
Confirm with . or Enter, or press ? or * to list all spells.
Aiming: Magic Dart (safe; 2% risk of failure)
Press: ? - help, Shift-Dir - straight line, f - Duvessa
Aim: Duvessa, wielding a +0 short sword and wearing a +0 leather armour (almost dead, berserk, 100% to hit)
The magic dart hits Duvessa but does no damage.
Duvessa is almost dead.
Duvessa hits you with a +0 short sword!
You hit Duvessa but do no damage.
Duvessa is almost dead.
Duvessa hits you with a +0 short sword! x2
* * * LOW HITPOINT WARNING * * *
You hit Duvessa but do no damage.
Your tail-slap misses Duvessa.
Duvessa is almost dead.
Duvessa closely misses you. x2
You hit Duvessa but do no damage.
Duvessa is almost dead.
Duvessa hits you with a +0 short sword!
* * * LOW HITPOINT WARNING * * *
Duvessa hits you with a +0 short sword!
* * * LOW HITPOINT WARNING * * *
You gain the combat prowess of a mighty hero.
Duvessa hits you with a +0 short sword.
* * * LOW HITPOINT WARNING * * *
You hit Duvessa but do no damage.
Duvessa is almost dead.
Duvessa hits you with a +0 short sword.
* * * LOW HITPOINT WARNING * * *
Duvessa hits you with a +0 short sword.
You die...

#.....#
#.....#
####'####
#....# #
#....# #..
#...##
#...###...#
#........##
#...)..@.#
#.....†)e#
#........'.
#..?.....##..
#........#
...
##..###### ##
#.. ..


You could see Duvessa (berserk).

Vanquished Creatures
  Sigmund (D:4)
  2 black bears (D:4)
  A centaur (D:6)
  An ogre (D:5)
  A scorpion (D:4)
  Dowan (D:6)
  A howler monkey (D:6)
  4 hounds
  An orc priest (D:6)
  A jelly (D:5)
  6 iguanas
  2 orc wizards
  4 gnolls (D:5)
  9 adders
  2 ufetubi
  3 worms
  8 orcs
  4 bats
  9 endoplasms
  A giant cockroach (D:1)
  12 goblins
  7 hobgoblins
  11 jackals
  3 kobolds
  3 quokkas (D:4)
  6 ball pythons
  3 frilled lizards
  4 rats
111 creatures vanquished.

Notes
Turn   | Place    | Note
-------+----------+-------------------------------------------
     0 | D:1      | Kazon the Draconian Conjurer began the quest for the Orb.
     0 | D:1      | Reached XP level 1. HP: 14/14 MP: 3/3
   116 | D:1      | Identified a scroll of acquirement
   116 | D:1      | Acquired the +3 warlock's mirror {omnireflect}
   116 | D:1      | Found the +3 warlock's mirror {omnireflect}
   194 | D:1      | Reached XP level 2. HP: 20/20 MP: 0/5
   201 | D:1      | Learned a level 2 spell: Searing Ray
   733 | D:1      | Reached XP level 3. HP: 26/26 MP: 1/6
  1046 | D:2      | Reached skill level 1 in Shields
  1231 | D:2      | Reached XP level 4. HP: 29/33 MP: 3/7
  1731 | D:3      | Reached skill level 1 in Axes
  1837 | D:3      | Found a blossoming altar of Fedhas.
  1964 | D:3      | Identified the +2 sling "Qeuhanocyt" {speed, rElec Str-3
                  | Dex+2}
  1982 | D:3      | Found a faded altar of an unknown god.
  2029 | D:3      | Found a stormy altar of Qazlal.
  2175 | D:4      | Found a staircase to the Ecumenical Temple.
  2183 | Temple   | Entered the Ecumenical Temple
  2197 | Temple   | Became a worshipper of Warmaster Okawaru
  2364 | D:4      | Noticed a scorpion
  2371 | D:4      | Killed a scorpion
  2372 | D:4      | Reached XP level 5. HP: 39/39 MP: 8/8
  2441 | D:4      | Reached skill level 1 in Throwing
  2467 | D:4      | Reached skill level 1 in Fighting
  2568 | D:4      | Noticed a black bear
  2580 | D:4      | Killed a black bear
  2581 | D:4      | Reached skill level 1 in Short Blades
  2581 | D:4      | Reached skill level 1 in Invocations
  2581 | D:4      | Reached XP level 6. HP: 26/47 MP: 9/9
  2599 | D:4      | Noticed Sigmund
  2612 | D:4      | Found a hazy altar of Hepliaklqana.
  2615 | D:4      | Found a shadowy altar of Dithmenos.
  2615 | D:4      | Noticed a shadow
  2676 | D:4      | Killed Sigmund
  2676 | D:4      | Reached * piety under Okawaru
  2677 | D:4      | Reached skill level 5 in Conjurations
  2778 | D:4      | Reached skill level 1 in Evocations
  2778 | D:4      | Your scales start taking on a fiery red colour.
  2778 | D:4      | Reached XP level 7. HP: 44/52 MP: 10/10
  2778 | D:4      | Gained mutation: Your flesh is heat resistant. (rF+) [Red
                  | Draconian growth]
  2953 | D:5      | Entered Level 5 of the Dungeon
  3501 | D:6      | Reached XP level 8. HP: 44/61 MP: 12/12
  3502 | D:6      | Reached ** piety under Okawaru
  3506 | D:6      | Found a shimmering altar of Xom.
  3588 | D:6      | Noticed Duvessa
  3591 | D:6      | Noticed Dowan
  3600 | D:6      | Killed Dowan
  3618 | D:6      | HP: 3/61 [Duvessa/+0 short sword (5)]
  3619 | D:6      | Slain by Duvessa

Illustrated notes

Levels and vault maps discovered:
D:1:      ebering_trefoil_3fold, layout_basic, st_stairs_14, serial_bayou_ford_a
D:2:      layout_basic, hangedman_decor_growths, minmay_close_crescents
D:3:      layout_rooms, mainiacjoe_overflow_concentric_impassable,
          mainiacjoe_overflow_paths, shapermc_ecumenical_altar_acropolis,
          chequers_serial_rivers_micro_b
D:4:      layout_basic, riverfiend_overflow_shadow_ancestor,
          minmay_temple_entry_glass, uniq_sigmund
D:5:      layout_gridville
D:6:      layout_basic, xom_teletrap_fun, uniq_duvessa
Temple:   nicolae_temple_elliptical

Skill      XL: |  1  2  3  4  5  6  7  8 |
---------------+-------------------------+-----
Dodging        | 2 3 |  3.6
Stealth        | 2 3 |  3.0
Shields        | 1 2 |  2.7
Axes           | 1 2 |  2.4
Throwing       | 1 2 |  2.4
Fighting       | 1 2 |  2.0
Short Blades   | 1 2 |  2.9
Invocations    | 1 2 3 4 |  4.1
Conjurations   | 5 |  5.0
Evocations     | 1 2 |  2.6
Spellcasting   | |  2.6

Action                     |  1- 3 |  4- 6 |  7- 9 || total
---------------------------+-------+-------+-------++-------
  Melee: Short sword       |    58 |    23 |       ||    81
         Tailslap          |    16 |    11 |    23 ||    50
         Hand axe          |    25 |    10 |   129 ||   164
         Dagger            |       |    61 |     3 ||    64
  Throw: Stone             |       |       |    22 ||    22
   Cast: Magic Dart        |    40 |    28 |     1 ||    69
         Searing Ray       |     4 |     6 |     2 ||    12
 Invoke: Heroism           |       |     1 |     2 ||     3
Ability: Breathe Fire      |       |       |     8 ||     8
  Evoke: Wand              |       |     2 |       ||     2
    Use: Scroll            |     2 |     1 |       ||     3
   Stab: Sleeping          |     3 |     2 |     1 ||     6
         Paralysed         |       |     2 |       ||     2
 Armour: Skin              |    23 |    22 |    54 ||    99
  Dodge: Dodged            |    42 |    73 |    84 ||   199
  Block: Buckler           |    17 |    42 |    73 ||   132
         Reflection        |       |       |     2 ||     2
